 Dungeon Crawl Stone Soup version 0.29.1-1-gd02db6906a (webtiles) character file.

Game seed: 14669646087250218820

2017 pyryhyry the Slasher (level 9, -1/78 HPs)
             Began as a Meteoran Cinder Acolyte on Oct 19, 2022.
             Was an Initiate of Ignis.
             Slain by a killer bee (3 damage)
             ... on level 8 of the Dungeon.
             The game lasted 00:22:23 (3779 turns).

pyryhyry the Slasher (Meteoran Cinder Acolyte)      Turns: 3779, Time: 00:22:23

Health: -1/78      AC:  3    Str: 20    XL:     9   Next: 75%
Magic:  17/17      EV: 13    Int: 18    God:    Ignis [......]
Gold:   364        SH:  0    Dex: 13    Spells: 12/17 levels left

rFire   + . .      SeeInvis .   a - +0 falchion (flame)
rCold   + . .      Faith    .   (no shield)
rNeg    . . .      Spirit   .   b - +0 robe
rPois   .          Reflect  .   d - +0 helmet {Int+3}
rElec   .          Harm     .   (no cloak)
rCorr   .          Rampage  .   (no gloves)
Will    +....      Clarity  +   (no boots)
Stlth   +.........              p - amulet of regeneration
HPRegen 1.03/turn               (no ring)
MPRegen 0.15/turn               (no ring)

@: lethally poisoned (-1 -> -8), glowing
A: sense surroundings 2, otherworldly, glowing, explore regen, clarity, cold
resistance 1, strong 1
a: Renounce Religion, Rising Flame


You were on level 8 of the Dungeon.
You worshipped Ignis.
Ignis was noncommittal.
You visited 2 branches of the dungeon, and saw 9 of its levels.
You also visited: Sewer.

You collected 364 gold pieces.

Inventory:

Hand Weapons
 a - a +0 falchion of flaming (weapon)
 h - a +1 dagger of speed
 m - a +0 flail of holy wrath
 q - a +2 dagger of draining
 B - the +6 dagger of Uskayaw, Writhing {vorpal, rC+ Dex+4}
   (You found it on level 7 of the Dungeon)

   It inflicts extra damage upon your enemies.
   Dex:       It affects your dexterity (+4).
   rC:        It protects you from cold.
Missiles
 f - 4 javelins
 n - 4 boomerangs (quivered)
Armour
 b - a +0 robe (worn)
 d - a +0 helmet of intelligence (worn)
 e - a +0 plate armour of fire resistance
Magical Staves
 k - a staff of air
Jewellery
 p - an amulet of regeneration (around neck)
Wands
 i - a wand of mindburst (9)
Scrolls
 c - a scroll of fear
 v - a scroll of magic mapping
 x - 7 scrolls of identify
 y - a scroll of amnesia
 z - a scroll of immolation
 D - a scroll of blinking
Potions
 g - a potion of heal wounds
 j - a potion of attraction
 l - a potion of haste {unknown}
 o - 4 potions of brilliance {unknown}
 r - 6 potions of flight
 s - a potion of invisibility {unknown}
 t - 2 potions of mutation
 u - 2 potions of degeneration
 w - 2 potions of curing {unknown}
 A - a potion of magic {unknown}


   Skills:
 + Level 6.4 Fighting
 + Level 6.8 Long Blades
 - Level 2.3 Armour
 + Level 4.9 Dodging
 + Level 1.6 Stealth
 + Level 4.8 Spellcasting
 + Level 4.4 Hexes
 - Level 3.8 Fire Magic
 * Level 6.1 Evocations


You had 12 spell levels left.
You knew the following spells:

 Your Spells              Type           Power      Damage    Failure   Level
a - Scorch                Fire           36%        2d6       4%          2
b - Tukima's Dance        Hex            20%        N/A       6%          3

Your spell library contained the following spells:

 Spells                   Type           Power      Damage    Failure   Level
 Summon Small Mammal      Summ           16%        N/A       14%         1
 Portal Projectile        Hex/Tloc       24%        N/A       16%         3
 Summon Guardian Golem    Hex/Summ       12%        N/A       16%         3
 Static Discharge         Conj/Air       4%         3-4/arc   21%         2
 Call Canine Familiar     Summ           4%         N/A       38%         3
 Dispel Undead            Necr           4%         3d7       80%         4
 Blade Hands              Tmut           2%         N/A       98%         5
 Borgnjor's Vile Clutch   Necr/Erth      2%         N/A       98%         5
 Lightning Bolt           Conj/Air       2%         1d13      98%         5
 Maxwell's Capacitive Co  Air            2%         ∞         100%        8
 Summon Horrible Things   Summ           2%         N/A       100%        8


Dungeon Overview and Level Annotations

Branches:
Dungeon (8/15) Zot: 1371   Temple (1/1) D:6 Zot: 598   Sewer (visited)
   Lair: D:8-11

Altars:
Dithmenos
Trog


Innate Abilities, Weirdness & Mutations

You passively map the area around you.
You are easily found by Zot.
You glow in the dark.
You regain HP and MP as you explore.
You possess an exceptional clarity of mind.
Your flesh is cold resistant. (rC+)
Your muscles are strong. (Str +4, Int/Dex -1)


Message History

The killer bee is almost dead.
The killer bee barely misses you. The killer bee closely misses you. x2
The killer bee stings you!
You are poisoned.
The killer bee poisons you!
The foxfire hits the killer bee.
You kill the killer bee!
You closely miss the killer bee.
The killer bee is lightly wounded.
You feel sick.
The foxfire hits the bullfrog.
The bullfrog is heavily wounded.
The killer bee stings you. x2
A killer bee comes into view.
You hit the killer bee. You burn the killer bee.
The killer bee is moderately wounded.
You feel sick. The killer bee stings you.
You are more poisoned.
The killer bee poisons you! The bullfrog hits you!
The killer bee barely misses you. The bullfrog hits you!
Okay, then.
An orc and a wight come into view.
You feel very sick.
The orc shouts!
The killer bee closely misses you.
The orc wizard gestures wildly while chanting.
The orc wizard flickers and vanishes!
Deactivating autopickup; reactivate with Ctrl-A.
Okay, then.
You feel very sick. The bullfrog hits you.
* * * LOW HITPOINT WARNING * * *
The killer bee attacks as you move away!
The killer bee stings you.
* * * LOW HITPOINT WARNING * * *
You feel sick. The killer bee barely misses you.
You feel sick.
You open the door.
You feel sick. The killer bee stings you!
* * * LOW HITPOINT WARNING * * *
You are lethally poisoned!
The killer bee poisons you! The killer bee stings you.
You die...

#.......y..# * ##.........o#, , ,
*** * .....(..###.#* * *
**###......##z#, , * ,,
##......#.# , ####....#...# ,* **
, , ........##..### **
........##.Fyy# * *** *
*........#####@# *
...........##'##### *,* , ,
*....<...#.........# ,
........#.........# , ,
..................# *, *
..................############
*,,....#####.............).......
,.... #####...#######....... *,
... ###...............


You could see a bullfrog and 2 killer bees.

Vanquished Creatures
  A water moccasin (D:8)
  2 sky beasts (D:7)
  An ice beast (D:6)
  A black bear (D:5)
  An ogre (D:4)
  A centaur (D:6)
  3 necrophages
  A gnoll sergeant (D:7)
  A scorpion (D:7)
  A killer bee (D:8)
  3 howler monkeys (D:7)
  3 orc priests
  A gnoll bouda (D:7)
  A hound (D:4)
  4 iguanas
  2 orc wizards (D:7)
  15 gnolls
  13 adders
  3 river rats (Sewer)
  A white imp (D:7)
  2 ufetubi
  3 worms
  3 dart slugs (D:1)
  23 orcs
  12 endoplasms
  2 giant cockroaches
  6 goblins
  6 hobgoblins
  7 jackals
  4 quokkas
  13 ball pythons
  9 bats
  A frilled lizard (D:2)
  5 kobolds
  2 rats
157 creatures vanquished.

Vanquished Creatures (collateral kills)
  2 ogres
  A gnoll (D:5)
3 creatures vanquished.

Vanquished Creatures (others)
  3 dancing weapons
  40 foxfires
  8 plants (D:2)
51 creatures vanquished.

Grand Total: 211 creatures vanquished

Notes
Turn   | Place    | Note
-------+----------+-------------------------------------------
     0 | D:1      | pyryhyry the Meteoran Cinder Acolyte began the quest for
                  | the Orb.
     0 | D:1      | Reached XP level 1. HP: 19/19 MP: 3/3
    60 | D:1      | Reached XP level 2. HP: 26/26 MP: 5/5
    63 | D:1      | Learned a level 2 spell: Scorch
   192 | D:1      | Reached XP level 3. HP: 27/33 MP: 6/6
   541 | D:2      | Reached XP level 4. HP: 13/40 MP: 7/7
   627 | D:2      | Reached skill level 1 in Dodging
   839 | D:3      | Reached XP level 5. HP: 35/47 MP: 8/8
  1127 | D:3      | Learned a level 3 spell: Tukima's Dance
  1216 | D:4      | Reached XP level 6. HP: 39/53 MP: 9/9
  1261 | D:4      | Reached skill level 1 in Armour
  1303 | D:4      | Reached skill level 5 in Long Blades
  1303 | D:4      | Reached skill level 1 in Hexes
  1346 | D:4      | Noticed an ogre
  1373 | D:4      | Killed an ogre
  1374 | D:4      | Reached skill level 5 in Fighting
  1374 | D:4      | Reached skill level 1 in Evocations
  1374 | D:4      | Reached XP level 7. HP: 61/61 MP: 11/11
  1498 | D:4      | Found a glowing drain.
  1514 | Sewer    | Entered a sewer
  2001 | D:5      | Entered Level 5 of the Dungeon
  2179 | D:5      | Got the Octavo of the Necrotic Escort
  2249 | D:5      | Gained mutation: Your muscles are strong. (Str +4, Int/Dex
                  | -1) [potion of mutation]
  2249 | D:5      | Gained mutation: Your flesh is cold resistant. (rC+)
                  | [potion of mutation]
  2249 | D:5      | Gained mutation: You possess an exceptional clarity of
                  | mind. [potion of mutation]
  2264 | D:5      | Found a bloodstained altar of Trog.
  2266 | D:5      | Found a shadowy altar of Dithmenos.
  2308 | D:5      | Reached XP level 8. HP: 66/68 MP: 13/13
  2664 | D:6      | Found a staircase to the Ecumenical Temple.
  2692 | Temple   | Entered the Ecumenical Temple
  2808 | D:6      | Gained mutation: You passively map the area around you.
                  | [Meteoran growth]
  2808 | D:6      | Reached XP level 9. HP: 59/75 MP: 16/16
  2932 | D:7      | Identified the +6 dagger of Uskayaw, Writhing {vorpal, rC+
                  | Dex+4}
  3024 | D:7      | Reached skill level 5 in Evocations
  3083 | D:7      | Reached skill level 1 in Stealth
  3779 | D:8      | HP: 2/78 [killer bee (8)]
  3779 | D:8      | Slain by a killer bee

Illustrated notes

Levels and vault maps discovered:
D:1:      ncdulo_smallfort, layout_basic, shapermc_ecumenical_altar_notcrosses
D:2:      layout_loops_corners, serial_forest, infiniplex_forest_lined_3,
          infiniplex_forest_clump_double, infiniplex_forest_straight_3,
          infiniplex_forest_zigzag_2, infiniplex_forest_clump_medium,
          infiniplex_forest_lined_3_way, infiniplex_forest_clump_double,
          basic_altar, grunt_ministairs_1, uniq_natasha
D:3:      layout_basic
D:4:      layout_rooms, cheibrodos_sewer_entry_bend, minmay_tree_intersection,
          hangedman_decor_push, serial_bayou_pond_b
D:5:      layout_cave_pods, chequers_temple_overflow_statue_of_worship
D:6:      layout_gridville, kennysheep_mini, minmay_temple_entry_large_hall,
          minmay_crossroads
D:7:      minmay_general_purpose_star, layout_basic, amcnicky_mini_pool_small,
          kennysheep_generic_room_8
D:8:      nzn_winding_woodlands_stair_cross [nzn_winding_woodlands_5x15_jagged,
          nzn_winding_woodlands_center_pierced_h,
          nzn_winding_woodlands_5x15_default,
          nzn_winding_woodlands_5x5_perimeter, nzn_winding_woodlands_5x5_three,
          nzn_winding_woodlands_5x15_lazy_stream,
          nzn_winding_woodlands_center_diamonds,
          nzn_winding_woodlands_5x15_sidewinder], layout_basic,
          nicolae_ru_great_annihilating_truth, nicolae_tso_swordbearing_angel,
          chequers_serial_rivers_micro_c, grunt_livestock
Temple:   bh_familiar_temple

Skill      XL: |  1  2  3  4  5  6  7  8  9 |
---------------+----------------------------+-----
Long Blades    | 4 5 6 |  6.8
Fighting       | 4 5 6 |  6.4
Dodging        | 1 2 3 4 |  4.9
Armour         | 1 2 |  2.3
Spellcasting   | 2 3 4 |  4.8
Hexes          | 1 2 3 4 |  4.4
Evocations     | 1 2 4 6 |  6.1
Stealth        | 1 |  1.6
Fire Magic     | |  3.8

Action                   |  1- 3 |  4- 6 |  7- 9 || total
-------------------------+-------+-------+-------++-------
Melee: Falchion          |    83 |   143 |   400 ||   626
       Punch             |       |     4 |     5 ||     9
 Cast: Tukima's Dance    |       |       |    11 ||    11
Invok: Fiery Armour      |       |     1 |     5 ||     6
       Foxfire Swarm     |       |     1 |     4 ||     5
Evoke: Wand              |       |       |     3 ||     3
  Use: Scroll            |       |     4 |     8 ||    12
       Potion            |       |       |     4 ||     4
Armor: Robe              |    19 |    36 |   293 ||   348
Dodge: Dodged            |    41 |    64 |   366 ||   471
